 Dungeon Crawl Stone Soup version 0.29.0-4-gdea44cf6ec (webtiles) character file.

Game seed: 10864641692583199867

378 qw the Chopper (level 6, -3/35 HPs)
             Began as a Tengu Warper on Aug 28, 2022.
             Succumbed to a kobold's poison
             ... on level 4 of the Dungeon.
             The game lasted 00:00:16 (3172 turns).

qw the Chopper (Tengu Warper)                       Turns: 3172, Time: 00:00:17

Health: -3/35      AC: 12    Str: 13    XL:     6   Next: 74%
Magic:  10/10      EV:  5    Int: 14    God:
Gold:   108        SH:  0    Dex: 13    Spells: 9/9 levels left

rFire   . . .      SeeInvis .   e - +0 war axe (vorpal)
rCold   . . .      Faith    .   (no shield)
rNeg    . . .      Spirit   .   c - +0 plate armour
rPois   .          Reflect  .   (helmet restricted)
rElec   .          Harm     .   (no cloak)
rCorr   .          Rampage  .   b - +0 pair of gloves
Will    .....                   (boots unavailable)
Stlth   ..........              (no amulet)
HPRegen 0.11/turn               (no ring)
MPRegen 0.12/turn               (no ring)

@: lethally poisoned (-3 -> -29), about to teleport, flying quickly and
evasively, quick
A: beak, talons 3, nimble flight
a: no special abilities


You were on level 4 of the Dungeon.
You visited 1 branch of the dungeon, and saw 4 of its levels.

You collected 108 gold pieces.


Innate Abilities, Weirdness & Mutations

You have a beak for a mouth.
You have claws for feet.
Your magical nature lets you fly swiftly and evasively.


   Skills:
 - Level 2.0 Fighting
 - Level 7.0 Axes
 - Level 1.0 Throwing
 + Level 2.9 Armour
 - Level 2.1 Dodging
 - Level 2.0 Spellcasting
 - Level 2.4 Translocations


You had 9 spell levels left.
You didn't know any spells.
Your spell library contained the following spells:

 Spells                   Type           Power      Damage    Failure   Level
 Blink                    Tloc           16%        N/A       100%        2
 Gell's Gravitas          Tloc           8%         N/A       100%        3
 Lesser Beckoning         Tloc           8%         N/A       100%        3
 Teleport Other           Tloc           8%         N/A       100%        3
 Manifold Assault         Tloc           8%         N/A       100%        5

Inventory:

Hand Weapons
 d - a +0 flail
 e - a +0 vorpal war axe (weapon)
Armour
 b - a +0 pair of gloves (worn)
 c - a +0 plate armour (worn)
Scrolls
 a - a scroll of identify
 g - a scroll of teleportation
Potions
 f - 4 potions of curing
 i - a potion of mutation {unknown}

Dungeon Overview and Level Annotations

Branches:
Dungeon (4/15)
 Temple: D:4-7

Altars:

Annotations:
D:4 Grinder


Message History

A kobold comes into view. It is wielding a +0 short sword.
The hobgoblin hits you but does no damage.
The kobold shouts!
You slash the hobgoblin!
You kill the hobgoblin!
The kobold barely misses you.
You barely miss the kobold. You claw the kobold. Your peck misses the kobold.
The kobold is moderately wounded.
The kobold hits you but does no damage.
You are poisoned.
You barely miss the kobold. Your peck misses the kobold.
The kobold is moderately wounded.
You feel sick.
The kobold hits you with a +0 whip of venom.
You are more poisoned.
You closely miss the kobold. You claw the kobold.
The kobold is severely wounded.
You hit the kobold.
You kill the kobold!
You feel very sick. The kobold hits you but does no damage.
You are more poisoned.
You miss the kobold. Your kick misses the kobold. Your peck misses the kobold.
The kobold is severely wounded.
You feel very sick.
The kobold hits you with a +0 whip of venom.
You are more poisoned.
You barely miss the kobold. Your kick misses the kobold.
The kobold is severely wounded.
You feel extremely sick. The kobold hits you but does no damage.
The kobold completely misses you.
3171 ||| READING 2 scrolls of teleportation.
As you read the scroll of teleportation, it crumbles to dust.
You feel strangely unstable.
You feel very sick. The kobold hits you but does no damage.
You are more poisoned.
You closely miss the kobold. Your kick misses the kobold.
The kobold is severely wounded.
You die...

## ## .. .# ##
#. .#
...##.##.#####
.......).....
<<.....)..##
#@...#
......K....#
.#.#.......#
...# #.....###
>....# .......#
...... ###...###
#.....# #...#
#......## #....
.r...S..####...#


You could see a kobold.

Vanquished Creatures
  Sigmund (D:2)
  A scorpion (D:2)
  2 orc priests (D:3)
  Jessica (D:2)
  2 adders
  A worm (D:2)
  7 orcs (D:3)
  4 endoplasms
  5 giant cockroaches
  5 hobgoblins
  5 jackals
  7 kobolds
  3 quokkas
  5 ball pythons
  2 bats
  3 frilled lizards (D:1)
  2 goblins
  3 rats
59 creatures vanquished.

Vanquished Creatures (others)
  4 toadstools (D:1)
4 creatures vanquished.

Grand Total: 63 creatures vanquished

Notes
Turn   | Place    | Note
-------+----------+-------------------------------------------
     0 | D:1      | qw the Tengu Warper began the quest for the Orb.
     0 | D:1      | Reached XP level 1. HP: 12/12 MP: 4/4
     0 | D:1      | 0 ||| qw: Version: 0.1-a-89-g26bdef1
     0 | D:1      | 0 ||| qw: Game counter: 91
     0 | D:1      | 0 ||| qw: Always use a shield: true
     0 | D:1      | 0 ||| qw: God list: Okawaru
     0 | D:1      | 0 ||| qw: Allow faded altars: false
     0 | D:1      | 0 ||| qw: Do Orc after D:15 true
     0 | D:1      | 0 ||| qw: Do second Lair branch before Depths: true
     0 | D:1      | 0 ||| qw: Lair rune preference: random
     0 | D:1      | 0 ||| qw: Plans: Normal
     0 | D:1      | 0 ||| PLANNING D:1-11
   223 | D:1      | 223 ||| Stepping ~*~*~tactically~*~*~ (stealth).
   225 | D:1      | 225 ||| Stepping ~*~*~tactically~*~*~ (stealth).
   231 | D:1      | Reached XP level 2. HP: 17/17 MP: 6/6
   251 | D:1      | Reached skill level 3 in Axes
   261 | D:1      | 261 ||| Stepping ~*~*~tactically~*~*~ (stealth).
   514 | D:1      | Found a faded altar of an unknown god.
   574 | D:1      | 574 ||| DROPPING +0 club.
   687 | D:1      | 687 ||| Stepping ~*~*~tactically~*~*~ (stealth).
   695 | D:1      | HP: 3/17 [kobold/+0 short sword (3)]
   697 | D:1      | HP: 1/17 [kobold/+0 short sword (1)]
   705 | D:1      | 705 ||| Stepping ~*~*~tactically~*~*~ (stealth).
   706 | D:1      | 706 ||| Stepping ~*~*~tactically~*~*~ (stealth).
  1077 | D:1      | 1077 ||| DROPPING ring of magical power.
  1078 | D:1      | 1078 ||| READING 2 scrolls labelled ROEBRE YMAEQORO.
  1079 | D:1      | 1079 ||| READING 3 scrolls labelled DITUNT URYXTUZ.
  1083 | D:1      | 1083 ||| READING scroll labelled QAALEG YSCHO.
  1084 | D:1      | 1084 ||| READING scroll labelled FUWKUI NEIHISA.
  1085 | D:1      | 1085 ||| READING scroll labelled CUISHRE NIMYMEI.
  1086 | D:1      | 1086 ||| DRINKING 2 fizzy dark potions.
  1087 | D:1      | 1087 ||| DROPPING scroll of blinking.
  1088 | D:1      | 1088 ||| DROPPING potion of magic.
  1119 | D:2      | Reached XP level 3. HP: 21/21 MP: 7/7
  1236 | D:2      | Reached skill level 4 in Axes
  1254 | D:2      | Noticed Sigmund
  1264 | D:2      | Killed Sigmund
  1265 | D:2      | Reached skill level 6 in Axes
  1265 | D:2      | Reached XP level 4. HP: 11/26 MP: 8/8
  1265 | D:2      | Gained mutation: Your magical nature lets you fly swiftly
                  | and evasively. [Tengu growth]
  1265 | D:2      | Reached XP level 5. HP: 12/30 MP: 9/9
  1480 | D:2      | Reached XP level 6. HP: 29/35 MP: 10/10
  1604 | D:2      | 1604 ||| Stepping ~*~*~tactically~*~*~ (hiding).
  1605 | D:2      | 1605 ||| Stepping ~*~*~tactically~*~*~ (hiding).
  1796 | D:2      | Noticed Jessica
  1802 | D:2      | Killed Jessica
  1803 | D:2      | Reached skill level 7 in Axes
  1897 | D:2      | 1897 ||| Stepping ~*~*~tactically~*~*~ (stealth).
  1902 | D:2      | 1902 ||| Stepping ~*~*~tactically~*~*~ (stealth).
  2090 | D:2      | 2090 ||| UPGRADING to +0 plate armour.
  2100 | D:2      | 2100 ||| DROPPING +0 leather armour.
  2101 | D:2      | 2101 ||| DROPPING orb of light.
  2102 | D:2      | 2102 ||| READING scroll labelled QEPSOEDENY.
  2103 | D:2      | 2103 ||| DRINKING 5 golden potions.
  2104 | D:2      | 2104 ||| READING 2 scrolls of identify.
  2104 | D:2      | 2104 ||| IDENTIFYING glowing emerald potion
  2152 | D:3      | 2152 ||| Stepping ~*~*~tactically~*~*~ (hiding).
  2258 | D:3      | 2258 ||| Stepping ~*~*~tactically~*~*~ (stealth).
  2330 | D:3      | 2330 ||| Stepping ~*~*~tactically~*~*~ (stealth).
  2463 | D:3      | 2463 ||| Stepping ~*~*~tactically~*~*~ (stealth).
  2465 | D:3      | 2465 ||| Stepping ~*~*~tactically~*~*~ (hiding).
  2487 | D:3      | 2487 ||| FLEEEEING.
  2488 | D:3      | 2488 ||| FLEEEEING.
  2497 | D:3      | 2497 ||| STAIRDANCE
  2628 | D:2      | 2628 ||| UPGRADING to +0 pair of gloves.
  2648 | D:3      | 2648 ||| SWAPPING to +0 vorpal war axe.
  2649 | D:3      | 2649 ||| DROPPING +0 hand axe.
  2980 | D:3      | 2980 ||| DROPPING +0 mace.
  3142 | D:4      | Noticed Grinder
  3143 | D:4      | 3143 ||| PLANNING OSSUARY
  3143 | D:4      | 3143 ||| Stepping ~*~*~tactically~*~*~ (hiding).
  3147 | D:4      | Paralysed by Grinder for 4 turns
  3155 | D:4      | HP: 7/35 [Grinder (4)]
  3156 | D:4      | 3156 ||| READING 3 scrolls of teleportation.
  3157 | D:4      | 3157 ||| DRINKING potion of heal wounds.
  3170 | D:4      | HP: 7/35 [poisoned by a kobold]
  3171 | D:4      | 3171 ||| READING 2 scrolls of teleportation.
  3172 | D:4      | Succumbed to a kobold's poison

Levels and vault maps discovered:
D:1:      ldierk_walled_garden_2, layout_loops_ring,
          ebering_ecumenical_altar_rust, minmay_misc_feat_roman
D:2:      layout_rooms, nicolae_figureground_sparkle, uniq_jessica, uniq_sigmund
D:3:      layout_loops_ring, kennysheep_decorative_pillar
D:4:      layout_loops_cross, fedhas_altar_4, minmay_temple_entry_steel_oval,
          lightli_ossuary_entry_decrepit_ruins, uniq_pikel, uniq_grinder

Skill      XL: |  1  2  3  4  5  6 |
---------------+-------------------+-----
Axes           | 3 6 7 |  7.0
Armour         | 2 |  2.9
Fighting       | |  2.0
Throwing       | |  1.0
Dodging        | |  2.1
Spellcasting   | |  2.0
Translocations | |  2.4

Action                   |  1- 3 |  4- 6 || total
-------------------------+-------+-------++-------
Melee: Hand axe          |    64 |    55 ||   119
       Kick              |    15 |    20 ||    35
       Peck              |     9 |    11 ||    20
       War axe           |       |    32 ||    32
Throw: Boomerang         |     7 |     6 ||    13
  Use: Scroll            |     5 |     4 ||     9
       Potion            |     1 |     2 ||     3
Armor: Leather armour    |    17 |       ||    17
       Plate armour      |       |    43 ||    43
Dodge: Dodged            |    19 |    29 ||    48

Table legend:
 A = Non-vault XP
 B = Vault XP
 C = Vault XP percentage of total XP
 D = Non-vault monster count
 E = Vault monster count
 F = Vault count percentage of total count
                 A         B        C        D         E       F
            +---------+---------+-------+---------+---------+-------
      Total |     290 |     251 |  46.4 |      57 |       2 |   3.4
            +---------+---------+-------+---------+---------+-------
        D:1 |      31 |       0 |   0.0 |      19 |       0 |   0.0
        D:2 |     119 |     251 |  67.8 |      14 |       2 |  12.5
        D:3 |     133 |       0 |   0.0 |      20 |       0 |   0.0
        D:4 |       7 |       0 |   0.0 |       4 |       0 |   0.0
            +---------+---------+-------+---------+---------+-------
